 Dungeon Crawl Stone Soup version 0.20-a0-930-gbddf555 (webtiles) character file.

45 polly the Conjurer (level 3, 0/21 HPs)
             Began as an Octopode Conjurer on Mar 30, 2017.
             Slain by a worm (11 damage)
             ... on level 2 of the Dungeon.
             The game lasted 00:02:52 (1269 turns).

polly the Conjurer (Octopode Conjurer)              Turns: 1269, Time: 00:02:53

Health: 0/21       AC:  1    Str:  7    XL:     3   Next: 64%
Magic:  1/6        EV: 13    Int: 18    God:
Gold:   43         SH:  0    Dex: 12    Spells: 5/6 levels left

rFire    . . .     SeeInvis .   (no weapon)
rCold    . . .     Gourm    .   (no shield)
rNeg     . . .     Faith    .   (helmet restricted)
rPois    .         Spirit   .   (no amulet)
rElec    .         Reflect  .   (no ring)
rCorr    .         Harm     .   (no ring)
MR       .....                  (no ring)
Stlth    +++.......             (no ring)
Regen    0.1/turn               (no ring)
MPRegen  0.1/turn               (no ring)
                                (no ring)
                                (no ring)

@: no status effects
A: almost no armour, stealthy swim, amphibious, 8 rings, constrict 8, camouflage
1, gelatinous body 1
a: no special abilities


You were on level 2 of the Dungeon.
You were not hungry.

You visited 1 branch of the dungeon, and saw 2 of its levels.

You collected 43 gold pieces.

Inventory:

Jewellery
 k - an uncursed amulet of harm {unknown}
Scrolls
 c - 3 scrolls of identify {unknown}
 d - 2 scrolls of enchant armour {unknown}
Potions
 e - 4 potions of heal wounds {unknown}
 g - a potion of agility {unknown}
Books
 a - a book of Conjurations

   Spells                             Type                      Level
   a - Magic Dart                     Conjuration                  1
   b - Searing Ray                    Conjuration                  2
   c - Dazzling Spray                 Conjuration/Hexes            3
   d - Fulminant Prism                Conjuration/Hexes            4
   e - Force Lance                    Conjuration/Translocation    4
   f - Iskenderun's Mystic Blast      Conjuration                  4
Comestibles
 b - 2 bread rations
 f - 3 fruits
 h - a royal jelly
 i - a meat ration
 j - 2 chunks of flesh


   Skills:
 + Level 0.2 Fighting
 + Level 2.2 Dodging
 + Level 3.1 Stealth
 + Level 0.2 Unarmed Combat
 + Level 2.2 Spellcasting
 + Level 4.7 Conjurations


You had 5 spell levels left.
You knew the following spells:

 Your Spells              Type           Power        Failure   Level  Hunger
a - Magic Dart            Conj           ###.         2%          1    #......


Dungeon Overview and Level Annotations

Branches:
Dungeon (2/15)

Altars:


Innate Abilities, Weirdness & Mutations

You cannot wear most types of armour.
You are very stealthy in the water. (Stealth+)
You are amphibious.
You can wear up to eight rings at the same time.
You can use your tentacles to constrict eight enemies at once.
Your skin changes colour to match your surroundings (Stealth+).
Your rubbery body absorbs attacks. (AC +1, EV +1)


Message History

Confirm with . or Enter, or press ? or * to list all spells.
Aiming: Magic Dart
Press: ? - help, Shift-Dir - straight line, f/p - hobgoblin
Aim: a hobgoblin, wielding a club (severely wounded, constricted by you)
The magic dart hits the hobgoblin.
The hobgoblin is severely wounded.
You constrict the hobgoblin.
The hobgoblin hits you but does no damage.
You tentacle-slap the hobgoblin.
You kill the hobgoblin!
Things that are here:
a club; a hobgoblin corpse You see here a blackened citrine amulet.
k - a blackened citrine amulet
Things that are here:
a club; a hobgoblin corpse A worm comes into view.
The worm bites you!
Ouch! That really hurt!
You die...

#.##.......#.###...#
.........)...# #...#
###......##.### #...#
......##.# #...# ..†...##.
#...# ## ....... #...#
#.## #
##.#####...######.## ##
...
...#..................###.
..
.........@)............#..
..
..##w....w...........#....
.. ##.###.#...#.####......
.# ... #.#...#.# ###.#.#
.# ### #.#...#.# #.#.# .#
#.#...#.# #.... <#
#.#...#.# ###.. .#
#.......# ### .####.# ..


You could see 2 worms.

Vanquished Creatures
  2 oozes (D:1)
  A dart slug (D:1)
  4 giant cockroaches (D:1)
  A goblin (D:1)
  11 hobgoblins
  A ball python (D:2)
  4 bats
  3 frilled lizards (D:1)
  2 kobolds
  4 rats (D:1)
33 creatures vanquished.

Notes
Turn   | Place    | Note
-------+----------+-------------------------------------------
     0 | D:1      | polly the Octopode Conjurer began the quest for the Orb.
     0 | D:1      | Reached XP level 1. HP: 11/11 MP: 3/3
    92 | D:1      | Reached XP level 2. HP: 16/17 MP: 0/5
   470 | D:1      | Reached XP level 3. HP: 19/21 MP: 0/6
  1269 | D:2      | Slain by a worm

Vault maps used:
D:1:      moated_graveyard_arrival
D:2:      minitemple

Skill      XL: |  1  2 |
---------------+-------+-----
Stealth        | 3 |  3.1
Fighting       | |  0.2
Dodging        | |  2.2
Unarmed Combat | |  0.2
Spellcasting   | |  2.2
Conjurations   | |  4.7

Action                   || total
-------------------------++-------
Melee: Unarmed           ||    43
       Constrict         ||    11
       Tentacles         ||     4
 Cast: Magic Dart        ||    65
 Stab: Sleeping          ||     1
  Eat: Chunk             ||     2
Armor: Skin              ||     3
Dodge: Dodged            ||    35
